 Dungeon Crawl Stone Soup version 0.25.1-2-g60ff931df9 (webtiles) character file.

Game seed: 15404974724142295517

2101 DearestLeader the Destroyer (level 9, 0/45 HPs)
             Began as a Deep Elf Wizard on Sept 11, 2020.
             Was a Follower of Vehumet.
             Succumbed to a big kobold's poison
             ... on level 7 of the Dungeon.
             The game lasted 00:27:37 (8673 turns).

DearestLeader the Destroyer (Deep Elf Wizard)       Turns: 8673, Time: 00:27:38

Health: 0/45       AC:  5    Str:  4    XL:     9   Next: 7%
Magic:  0/21       EV: 15    Int: 27    God:    Vehumet [*.....]
Gold:   360        SH:  0    Dex: 13    Spells: 12/21 levels left

rFire    . . .     SeeInvis .   s - +2 dagger (venom)
rCold    . . .     Gourm    .   (no shield)
rNeg     . . .     Faith    .   a - +0 robe
rPois    .         Spirit   .   b - +0 hat
rElec    .         Reflect  .   h - +0 cloak
rCorr    .         Harm     .   A - +1 pair of gloves
MR       .....                  (no boots)
Stlth    ++........             (no amulet)
HPRegen  0.15/turn              E - ring of fire
MPRegen  0.17/turn              r - ring of ice

@: brilliant, lethally poisoned (0 -> -19)
A: no striking features
a: Renounce Religion


You were on level 7 of the Dungeon.
You worshipped Vehumet.
Vehumet was aware of your devotion.
You were not hungry.

You visited 2 branches of the dungeon, and saw 8 of its levels.

You collected 360 gold pieces.

Inventory:

Hand Weapons
 s - a +2 dagger of venom (weapon)
 B - the cursed +1 whip of Intimidation {vorpal, Dex+2}
   (You found it on level 6 of the Dungeon)

   It inflicts extra damage upon your enemies.
   It affects your dexterity (+2).
   It has a curse placed upon it.
Armour
 a - a +0 robe (worn)
 b - a +0 hat (worn)
 h - a +0 cloak (worn)
 A - a +1 pair of gloves (worn)
Jewellery
 r - a ring of ice (right hand)
 E - a ring of fire (left hand)
Wands
 z - a wand of polymorph (10)
Scrolls
 c - a scroll of noise {unknown}
 f - a scroll of blinking {unknown}
 g - 2 scrolls of random uselessness {unknown}
 j - a scroll of fog {unknown}
 k - 3 scrolls of teleportation {unknown}
 l - 7 scrolls of remove curse
 q - a scroll of immolation {unknown}
 t - a scroll of vulnerability {unknown}
 u - a scroll of fear {unknown}
 w - a scroll of enchant weapon {unknown}
 x - 2 scrolls of amnesia {unknown}
 y - a scroll of brand weapon {unknown}
 C - a scroll of identify
 F - a scroll of enchant armour {unknown}
Potions
 e - 2 potions of might
 i - a potion of haste
 m - a potion of flight
 n - a potion of lignification
 o - 3 potions of magic
 p - 2 potions of mutation
 v - a potion of cancellation
Comestibles
 d - 14 rations


   Skills:
 + Level 6.1 Dodging
 - Level 2.4 Stealth
 + Level 6.8 Spellcasting
 * Level 9.5 Conjurations
   Level 1.1 Summonings
 - Level 1.1 Translocations
 - Level 2.0 Air Magic
 - Level 5.1 Poison Magic


You had 12 spell levels left.
You knew the following spells:

 Your Spells              Type           Power        Failure   Level  Hunger
a - Magic Dart            Conj           ####         1%          1    None
b - Blink                 Tloc           N/A          6%          2    None
c - Mephitic Cloud        Conj/Pois/Air  ######..     1%          3    None
d - Conjure Flame         Conj/Fire      ######..     2%          3    None

Your spell library contained the following spells:

 Spells                   Type           Power        Failure   Level  Hunger
 Freeze                   Ice            ###.         6%          1    None
 Summon Small Mammal      Summ           ###.         3%          1    None
 Call Imp                 Summ           ###.....     6%          2    None
 Slow                     Hex            ##......     9%          2    None
 Call Canine Familiar     Summ           ###.....     12%         3    None
 Summon Guardian Golem    Hex/Summ       ###.....     14%         3    None
 Summon Lightning Spire   Summ/Air       ####....     30%         4    None
 Summon Ice Beast         Ice/Summ       ####....     43%         4    None


Dungeon Overview and Level Annotations

Branches:
Dungeon (7/15)             Temple (1/1) D:4

Altars:
Cheibriados
Dithmenos
Elyvilon
Fedhas
Gozag
Hepliaklqana
Kikubaaqudgha
Makhleb
Nemelex Xobeh
Okawaru
Qazlal
Ru
Sif Muna
Trog
Vehumet
Wu Jian
Xom
Zin


Message History

A kobold comes into view. It is wielding a +0 short sword.
The big kobold barely misses you.
Casting: Magic Dart (safe; 1% risk of failure)
Confirm with . or Enter, or press ? or * to list all spells.
You don't know that spell.
Casting: Magic Dart (safe; 1% risk of failure)
Confirm with . or Enter, or press ? or * to list all spells.
You feel a surge of power!
You blink.
* * * LOW HITPOINT WARNING * * *
You feel sick.
Casting: Blink (safe; 6% risk of failure)
Confirm with . or Enter, or press ? or * to list all spells.
Aiming: Magic Dart (safe; 1% risk of failure)
Press: ? - help, Shift-Dir - straight line, f/p - big kobold
Aim: a big kobold, wielding a +2 short sword of venom (almost dead, poisoned)
You feel a surge of power!
The magic dart hits the big kobold.
You kill the big kobold!
Vehumet accepts your kill.
The kobold shouts!
You die...

### ####.## ##..#..#
#######......##
#..............
#####K)..K.........
#.......#..........
#....K.###.........
#.@##..###..##.....
##.###..#..###.....
###..##..K..##......
#.......)...........
#..##.........##....
#.####..._..K####...
#..##.........##....
#.).................
###..##.....##..#...


You could see 3 kobolds.

Vanquished Creatures
  A water moccasin (D:7)
  A sky beast (D:7)
  A necrophage (D:6)
  An orc warrior (D:7)
  3 ogres
  3 centaurs
  A big kobold (D:7)
  A wyvern zombie (D:6)
  2 bullfrogs (D:6)
  2 scorpions (D:5)
  A howler monkey (D:5)
  A bullfrog zombie (D:6)
  2 centaur zombies
  2 crimson imps
  A quasit (D:6)
  3 orc wizards
  2 orc priests (D:7)
  Crazy Yiuf (D:6)
  2 bullfrog skeletons (D:5)
  2 iguanas
  6 worker ants
  4 gnolls (D:6)
  8 adders
  A shadow imp (D:5)
  An adder zombie (D:7)
  3 worms
  2 dart slugs
  7 leopard geckos
  15 orcs
  2 ball pythons
  9 bats
  6 giant cockroaches
  10 goblins
  6 hobgoblins
  11 jackals
  4 quokkas
  6 frilled lizards
  A jackal skeleton (D:4)
  10 kobolds
  A leopard gecko skeleton (D:4)
  2 quokka zombies
  9 rats
157 creatures vanquished.

Notes
Turn   | Place    | Note
-------+----------+-------------------------------------------
     0 | D:1      | DearestLeader the Deep Elf Wizard began the quest for the
                  | Orb.
     0 | D:1      | Reached XP level 1. HP: 10/10 MP: 7/7
   348 | D:1      | Reached skill level 2 in Conjurations
   534 | D:1      | Reached XP level 2. HP: 15/15 MP: 6/9
   628 | D:1      | Learned a level 2 spell: Blink
   851 | D:1      | Reached skill level 3 in Conjurations
  1294 | D:2      | Found a sacrificial altar of Ru.
  1312 | D:2      | Reached XP level 3. HP: 13/19 MP: 6/10
  1317 | D:2      | Learned a level 3 spell: Mephitic Cloud
  1702 | D:2      | Reached skill level 4 in Conjurations
  1881 | D:2      | Reached skill level 1 in Poison Magic
  1881 | D:2      | Reached XP level 4. HP: 24/24 MP: 6/12
  2033 | D:2      | Found a stormy altar of Qazlal.
  2034 | D:2      | Noticed a water elemental
  2042 | D:2      | Noticed an air elemental
  2045 | D:2      | Noticed a fire elemental
  2045 | D:2      | Noticed an earth elemental
  2634 | D:3      | Reached XP level 5. HP: 28/28 MP: 7/14
  2707 | D:3      | Found a hazy altar of Hepliaklqana.
  3325 | D:3      | Reached skill level 5 in Spellcasting
  3768 | D:4      | Found the +8 Wrath of Trog {antimagic, *Rage}
  3789 | D:4      | Reached skill level 5 in Conjurations
  3966 | D:4      | Found a staircase to the Ecumenical Temple.
  3978 | Temple   | Entered the Ecumenical Temple
  4055 | Temple   | Became a worshipper of Vehumet
  4081 | D:4      | Noticed a centaur
  4091 | D:4      | Killed a centaur
  4091 | D:4      | Reached skill level 1 in Air Magic
  4091 | D:4      | Reached XP level 6. HP: 5/32 MP: 7/15
  4394 | D:4      | Learned a level 3 spell: Conjure Flame
  4585 | D:4      | Found a sparkling altar of Nemelex Xobeh.
  4717 | D:4      | Found an ornate altar of the Wu Jian Council.
  4822 | D:5      | Entered Level 5 of the Dungeon
  4930 | D:5      | Found an ancient bone altar of Kikubaaqudgha.
  5130 | D:5      | Reached skill level 6 in Conjurations
  5130 | D:5      | Reached XP level 7. HP: 34/36 MP: 0/16
  6062 | D:6      | Reached skill level 7 in Conjurations
  6213 | D:6      | Reached * piety under Vehumet
  6213 | D:6      | Offered knowledge of Freeze by Vehumet.
  6215 | D:6      | Got a crude whip
  6216 | D:6      | Identified the cursed +1 whip of Intimidation {vorpal,
                  | Dex+2} (You found it on level 6 of the Dungeon)
  6272 | D:6      | Found a burning altar of Makhleb.
  6415 | D:6      | Reached XP level 8. HP: 13/41 MP: 1/17
  6653 | D:6      | Found an opulent altar of Gozag.
  6720 | D:6      | Reached skill level 5 in Poison Magic
  7001 | D:6      | Reached skill level 8 in Conjurations
  7087 | D:6      | Reached skill level 5 in Dodging
  7616 | D:6      | Found a shimmering blue altar of Sif Muna.
  7810 | D:6      | Found a runed translucent door.
  7811 | D:6      | Noticed Crazy Yiuf
  7822 | D:6      | Killed Crazy Yiuf
  8004 | D:7      | Reached skill level 9 in Conjurations
  8318 | D:7      | Found a shadowy altar of Dithmenos.
  8616 | D:7      | Reached XP level 9. HP: 18/45 MP: 2/21
  8672 | D:7      | HP: 1/45 [poisoned by a big kobold]
  8673 | D:7      | Succumbed to a big kobold's poison

Illustrated notes

Levels and vault maps discovered:
D:1:      heliophobic_arrival_enchanted_forest, layout_loops_corners
D:2:      layout_basic, nicolae_ru_awakened_eye,
          nicolae_qazlal_style_of_elements, grunt_ministairs_9, minmay_distorted
D:3:      layout_loops_ring, overflow_temple_1_default, first_ration,
          columned_hall_lemuel, grunt_ministairs_5
D:4:      layout_gridville, overflow_temple_1_default,
          nemelex_xobeh_ov_fountains_minmay, minmay_temple_entry_trees,
          st_stairs_8, roderic_malta_cross
D:5:      layout_loops_ring, basic_altar, hangedman_abyss_or_decor_lesser_grid
D:6:      layout_basic, kennysheep_mini_moat, marbit_many_paths, tgw_sif,
          zaba_anthole, minmay_fractal_squares_gapless_5,
          uniq_crazy_yiuf_cottage
D:7:      layout_cave_pools, nicolae_dithmenos_shadow_blocks,
          kennysheep_vampire_church
Temple:   jpeg_temple_clearing

Skill      XL: |  1  2  3  4  5  6  7  8 |
---------------+-------------------------+-----
Conjurations   | 2 3 4 5 6 7 9 |  9.5
Poison Magic   | 1 2 3 4 5 |  5.1
Spellcasting   | 5 6 |  6.8
Air Magic      | 1 2 |  2.0
Dodging        | 4 6 |  6.1
Stealth        | |  2.4
Summonings     | |  1.1
Translocations | |  1.1

Action                   |  1- 3 |  4- 6 |  7- 9 || total
-------------------------+-------+-------+-------++-------
Melee: Dagger            |       |     3 |    28 ||    31
 Cast: Magic Dart        |    80 |   157 |   235 ||   472
       Mephitic Cloud    |       |     3 |    16 ||    19
       Conjure Flame     |       |       |     2 ||     2
       Blink             |       |       |     2 ||     2
  Use: Scroll            |     3 |     2 |     4 ||     9
       Potion            |       |       |     2 ||     2
 Stab: Sleeping          |       |     1 |       ||     1
       Confused          |       |       |     2 ||     2
  Eat: Chunk             |     3 |    10 |     4 ||    17
       Ration            |       |       |     2 ||     2
Armor: Robe              |     1 |     4 |    24 ||    29
Dodge: Dodged            |    10 |    13 |    80 ||   103
